 Dungeon Crawl Stone Soup version 0.17.0-28-g6e173f8 (webtiles) character file.

105 lucasterio the Ruffian (level 4, -6/35 HPs)
             Began as a Draconian Transmuter on Dec 1, 2015.
             Mangled by an orc
             ... wielding a +1 war axe of chopping
              (11 damage)
             ... on level 3 of the Dungeon.
             The game lasted 00:05:52 (2626 turns).

lucasterio the Ruffian (Draconian Transmuter)       Turns: 2626, Time: 00:05:52

Health: -6/35      AC:  6    Str: 13    XL:     4   Next: 53%
Magic:  6/7        EV: 12    Int: 13    God:
Gold:   78         SH:  0    Dex: 12    Spells: 1 memorised, 6 levels left

rFire  . . .     SeeInvis .       - Unarmed
rCold  . . .     Clarity  .     (armour unavailable)
rNeg   . . .     SustAt   .     (no shield)
rPois  .         Gourm    .     (helmet restricted)
rElec  .         Spirit   .     (no cloak)
rCorr  .         Warding  .     q - +0 pair of gloves
rMut   .         Stasis   .     (no boots)
MR     .....                    (no amulet)
Stlth  +.........               (no ring)
                                (no ring)

@: appendage (expiring), not resistant to hostile enchantments, very unstealthy
A: unfitting armour, horns 2, cold-blooded, AC +5
a: End Transformation


You were on level 3 of the Dungeon.
You were hungry.
You had grown temporary horns.
You visited 1 branch of the dungeon, and saw 3 of its levels.

You collected 78 gold pieces.

Inventory:

Missiles
 a - 32 arrows
Armour
 j - a +0 shield
 k - a +0 buckler
 q - a +0 pair of gloves (worn)
Jewellery
 f - an uncursed amulet of the gourmand {unknown}
 g - a +3 ring of dexterity {unknown}
 m - a +5 ring of intelligence {unknown}
Scrolls
 d - 3 scrolls of identify {unknown}
 e - 2 scrolls of amnesia {unknown}
 h - a scroll of teleportation {unknown}
 n - 2 scrolls of remove curse {unknown}
 o - a scroll of fear {unknown}
Potions
 l - a potion of degeneration {unknown}
 p - a potion of agility {unknown}
Books
 b - a book of Changes

   Spells                             Type                      Level
   a - Beastly Appendage              Transmutation                1
   b - Sticks to Snakes               Transmutation                2
   c - Spider Form                    Transmutation/Poison         3
   d - Ice Form                       Ice/Transmutation            4
   e - Blade Hands                    Transmutation                5
Comestibles
 c - 4 bread rations
 i - 3 meat rations


   Skills:
 - Level 1.1 Fighting
 + Level 2.5 Dodging
 + Level 4.0 Unarmed Combat
 - Level 2.0 Spellcasting
 + Level 3.4 Transmutations


You had 6 spell levels left.
You knew the following spells:

 Your Spells              Type           Power        Failure   Level  Hunger
a - Beastly Appendage     Trmt           ##....       10%         1    ##.....


Dungeon Overview and Level Annotations

Branches:
Dungeon (3/15)

Altars:


Innate Abilities, Weirdness & Mutations

Your plain brown scales are hard (AC +5).
Your body does not fit into most forms of armour.
You are cold-blooded and may be slowed by cold attacks.
You have a pair of horns on your head.


Message History

You tail-slap the orc, but do no damage.
The orc is severely wounded.
Your transformation is almost over.
You closely miss the orc.
The orc is severely wounded.
The orc closely misses you.
You hit the orc but do no damage. You headbutt the orc, but do no damage.
The orc is severely wounded.
The orc barely misses you.
You hit the orc but do no damage.
You tail-slap the orc, but do no damage.
The orc is severely wounded.
The orc hits you with a war axe of chopping.
* * * LOW HITPOINT WARNING * * *
x2 You hit the orc but do no damage.
The orc is severely wounded.
You hit the orc but do no damage.
The orc is severely wounded.
The orc hits you with a war axe of chopping!
You die...

.# ###.###### . #...#
#.### .# #.# .# #####.###
.# #..)....# .# #.......#
.# #.....o.######## .#
#########.#@........ .#
#.........#.######## .#
#.#########.#......# .#
#.#.......#.#.#....# .#
#.#.#####.#.#.#.#### .#
#.#................#
.#####.#..####.#.#.#.##.#
...(.#.#.......#.#.#.##.#
.....#.#.#######.#.#..#.#


You could see an orc.

Vanquished Creatures
  3 adders
  A gnoll (D:1)
  An ooze (D:1)
  A worm (D:2)
  A giant gecko (D:3)
  7 orcs (D:3)
  3 bats
  2 giant cockroaches
  11 goblins
  8 hobgoblins
  2 jackals (D:1)
  A quokka (D:2)
  4 giant newts
  3 kobolds
  7 rats
55 creatures vanquished.

Notes
Turn   | Place    | Note
--------------------------------------------------------------
     0 | D:1      | lucasterio the Draconian Transmuter began the quest for the Orb.
     0 | D:1      | Reached XP level 1. HP: 16/16 MP: 3/3
    57 | D:1      | Reached XP level 2. HP: 8/23 MP: 5/5
   714 | D:1      | Reached XP level 3. HP: 19/28 MP: 6/6
  1672 | D:2      | Reached XP level 4. HP: 25/35 MP: 7/7
  2253 | D:3      | Reached skill level 4 in Unarmed Combat
  2626 | D:3      | Mangled by an orc

Action                   |  1- 3 |  4- 6 || total
-------------------------+-------+-------++-------
Melee: Unarmed           |   178 |    70 ||   248
 Cast: Beastly Appendage |       |     3 ||     3
 Stab: Sleeping          |     3 |     1 ||     4
  Eat: Chunk             |     3 |     2 ||     5
